 Dungeon Crawl Stone Soup version 0.21.1-1-g345015f (webtiles) character file.

10810 goulibeur the Envoy of Void (level 11, -7/89 HPs)
             Began as a Demonspawn Abyssal Knight on July 8, 2018.
             Was a High Priest of Lugonu.
             Mangled by a minotaur
             ... wielding a +4 short sword of speed
              (27 damage)
             ... in a labyrinth.
             The game lasted 00:41:43 (12781 turns).

goulibeur the Envoy of Void (DsAK)                 Turns: 12781, Time: 00:41:44

Health: -7/89      AC: 21    Str: 13    XL:     11   Next: 41%
Magic:  18/18      EV:  4    Int: 17    God:    Lugonu [*****.]
Gold:   668        SH:  9    Dex: 16    Spells: 10/10 levels left

rFire    + . .     SeeInvis .   K - +9 mace of Glory {flame, Fragile rElec rC++ Int+4}
rCold    + + +     Gourm    .   N - +0 shield
rNeg     . . .     Faith    .   y - +1 plate armour
rPois    .         Spirit   .   A - +1 hat {MR+}
rElec    +         Reflect  .   H - +0 cloak
rCorr    .         Harm     .   (no gloves)
MR       +....                  E - +0 pair of boots
Stlth    ..........             (no amulet)
HPRegen  0.24/turn              q - ring of protection from fire
MPRegen  0.16/turn              r - +2 ring of protection

@: no status effects
A: hooves 1, iridescent scales 1, cold resistance 1, spiny 2
a: Depart the Abyss, Bend Space, Banish, Corrupt, Enter the Abyss, Renounce
Religion


You were in a labyrinth.
You worshipped Lugonu.
Lugonu was extremely pleased with you.
You were not hungry.

You visited 1 branch of the dungeon, and saw 11 of its levels.
You visited the Abyss 1 time.
You also visited: Labyrinth and Ossuary.

You collected 668 gold pieces.

Inventory:

Hand Weapons
 a - a +1 short sword
 I - a +0 dire flail of protection
 J - a +2 glaive of chopping
 K - the +9 mace of Glory (weapon) {flame, Fragile rElec rC++ Int+4}
   (You found it on level 6 of the Dungeon)

   It has been specially enchanted to burn those struck by it, causing extra
   injury to most foes and up to half again as much damage against particularly
   susceptible opponents.
   It affects your intelligence (+4).
   It greatly protects you from cold.
   It insulates you from electricity.
   It will be destroyed if unequipped.
 U - the +4 dagger "Morg" {pain, MR+ Int+5}
   (You found it in a labyrinth)

   In the hands of one skilled in necromantic magic, it inflicts extra damage on
   living creatures.
   It affects your intelligence (+5).
   It affects your resistance to hostile enchantments.
Armour
 b - a +0 leather armour
 e - a +3 leather armour
 y - a +1 plate armour (worn)
 A - a +1 hat of magic resistance (worn)
 E - a +0 pair of boots (worn)
 H - a +0 cloak (worn)
 N - a +0 shield (worn)
 T - a +0 helmet
Jewellery
 q - a ring of protection from fire (left hand)
 r - a +2 ring of protection (right hand)
 z - an uncursed ring of protection from magic {unknown}
 D - an uncursed ring of resist corrosion
Wands
 s - a wand of random effects (44)
 F - a wand of enslavement (21)
 P - a wand of flame (25)
Scrolls
 f - 4 scrolls of remove curse
 h - a scroll of teleportation
 n - 4 scrolls of identify
 o - 2 scrolls of blinking
 p - 3 scrolls of amnesia
 x - a scroll of random uselessness
 G - 5 scrolls of enchant armour
 Q - 3 scrolls of fear
Potions
 d - 2 potions of resistance
 g - 7 potions of degeneration
 i - 2 potions of magic
 j - 2 potions of cancellation
 k - 3 potions of curing
 l - 2 potions of flight
 m - 3 potions of lignification
 B - 4 potions of agility
 C - a potion of heal wounds
 L - 2 potions of mutation
 R - a potion of berserk rage {unknown}
Books
 t - a book of Minor Magic

   Spells                             Type                      Level
   a - Magic Dart                     Conjuration                  1
   b - Blink                          Translocation                2
   c - Call Imp                       Summoning                    2
   d - Slow                           Hexes                        2
   e - Conjure Flame                  Conjuration/Fire             3
   f - Mephitic Cloud                 Conjuration/Poison/Air       3
 u - a book of Changes

   Spells                             Type                      Level
   a - Beastly Appendage              Transmutation                1
   b - Sticks to Snakes               Transmutation                2
   c - Spider Form                    Transmutation/Poison         3
   d - Ice Form                       Ice/Transmutation            4
   e - Blade Hands                    Transmutation                5
 w - a book of Changes

   Spells                             Type                      Level
   a - Beastly Appendage              Transmutation                1
   b - Sticks to Snakes               Transmutation                2
   c - Spider Form                    Transmutation/Poison         3
   d - Ice Form                       Ice/Transmutation            4
   e - Blade Hands                    Transmutation                5
 M - a book of Necromancy

   Spells                             Type                      Level
   a - Pain                           Necromancy                   1
   b - Animate Skeleton               Necromancy                   1
   c - Vampiric Draining              Necromancy                   3
   d - Regeneration                   Charms/Necromancy            3
   e - Animate Dead                   Necromancy                   4
   f - Borgnjor's Vile Clutch         Necromancy/Earth             5
 O - a book of Frost

   Spells                             Type                      Level
   a - Freeze                         Ice                          1
   b - Throw Frost                    Conjuration/Ice              2
   c - Ozocubu's Armour               Charms/Ice                   3
   d - Throw Icicle                   Conjuration/Ice              4
   e - Summon Ice Beast               Ice/Summoning                4
 S - a book of Changes

   Spells                             Type                      Level
   a - Beastly Appendage              Transmutation                1
   b - Sticks to Snakes               Transmutation                2
   c - Spider Form                    Transmutation/Poison         3
   d - Ice Form                       Ice/Transmutation            4
   e - Blade Hands                    Transmutation                5
Comestibles
 c - 16 rations


   Skills:
 + Level 9.1 Fighting
 - Level 1.7 Short Blades
 * Level 8.2 Maces & Flails
 + Level 6.6 Armour
 + Level 6.4 Dodging
 + Level 3.7 Shields
 - Level 10.4 Invocations


You had 10 spell levels left.
You didn't know any spells.

Dungeon Overview and Level Annotations

Branches:
Dungeon (11/15)            Temple (0/1) D:5            Lair (0/6) D:10
    Orc (0/2) D:10

Altars:
Ashenzari
Cheibriados
Dithmenos
Fedhas
Gozag
Kikubaaqudgha
Okawaru
Qazlal
Ru
Vehumet
Zin
Beogh

Shops:
D:7 :

Annotations:
Abyss:1 Grinder, Maurice


Innate Abilities, Weirdness & Mutations

You have large cloven feet.
You are partially covered in iridescent scales. (AC +2)
Your flesh is cold resistant. (rC+)
You are mostly covered in sharp spines.


Message History

The minotaur gores you.
Your plate armour prevents you from hitting the minotaur.
The minotaur is moderately wounded.
The minotaur hits you but does no damage.
The minotaur gores you.
* * * LOW HITPOINT WARNING * * *
You sock the minotaur! You burn the minotaur.
The minotaur is moderately wounded.
The minotaur is struck by your spines.
The minotaur hits you but does no damage.
The minotaur gores you but does no damage.
Your shield prevents you from hitting the minotaur.
The minotaur is heavily wounded.
The minotaur hits you with a short sword of speed.
* * * LOW HITPOINT WARNING * * *
The minotaur gores you.
* * * LOW HITPOINT WARNING * * *
The minotaur is struck by your spines.
The minotaur hits you with a short sword of speed!!
You die...

...# #.. #
###.###.#.#
#. .#... .#
# #
###.#.## #
. .# ..# #
##.#.#
#.#.#
#####.#
#@....#
#H#####
....
.......
...##'##.#
.# 8. .#
#.. .# #8.
.


You could see a minotaur.

Vanquished Creatures
  Gastronok (D:9)
  Psyche (D:8)
  A komodo dragon (D:11)
  A troll (D:11)
  A wyvern (D:8)
  5 yaks (D:10)
  Sigmund (D:6)
  3 basilisks (D:10)
  2 hungry ghosts
  Edmund (D:6)
  A water moccasin (D:10)
  3 porcupines (D:10)
  4 orc warriors
  4 black bears
  3 ice beasts
  2 phantoms
  4 sky beasts
  A necrophage (D:11)
  An ogre (D:7)
  A centaur (D:8)
  4 wolves (D:10)
  A crocodile (D:11)
  6 elf zombies (Ossuary)
  10 bullfrogs
  A wyvern skeleton (D:10)
  2 scorpions
  9 killer bees
  6 wights
  A howler monkey (D:6)
  4 lava snakes (Lab)
  6 crimson imps
  2 quasits
  A bullfrog zombie (D:9)
  2 centaur zombies
  7 hounds
  3 jellies
  Crazy Yiuf (D:6)
  4 orc priests
  A bullfrog skeleton (D:10)
  An iguana (D:4)
  Natasha (thrice) (D:2)
  5 orc wizards
  7 worker ants
  A big kobold zombie (Ossuary)
  2 hound zombies (Ossuary)
  A hound skeleton (D:6)
  A howler monkey zombie (D:6)
  4 mummies
  3 worker ant zombies
  3 gnolls (D:6)
  10 adders
  3 shadow imps
  3 oozes
  2 adder zombies (Ossuary)
  An adder skeleton (D:5)
  2 worms (D:2)
  2 dart slugs
  6 leopard geckos
  31 orcs
  3 ball pythons
  6 bats
  6 giant cockroaches
  3 gnoll zombies (Ossuary)
  9 goblins
  10 hobgoblins
  20 jackals
  5 quokkas
  4 frilled lizards
  7 goblin zombies
  A hobgoblin zombie (Ossuary)
  6 kobolds
  4 kobold zombies (Ossuary)
  A leopard gecko skeleton (D:7)
  A leopard gecko zombie (D:9)
  2 orc zombies
  A quokka skeleton (D:9)
  6 quokka zombies (Ossuary)
  6 rats
  3 rat zombies (Ossuary)
307 creatures vanquished.

Vanquished Creatures (others)
  An ogre (D:4)
  A bat (D:2)
2 creatures vanquished.

Grand Total: 309 creatures vanquished

Notes
Turn   | Place    | Note
-------+----------+-------------------------------------------
     0 | Abyss:1  | goulibeur the Demonspawn Abyssal Knight began the quest for the Orb.
     0 | Abyss:1  | Reached XP level 1. HP: 18/18 MP: 2/2
   171 | Abyss:1  | Noticed a fire giant zombie
   172 | D:1      | Escaped the Abyss
   282 | D:1      | Reached skill level 1 in Dodging
   604 | D:1      | Reached * piety under Lugonu
   622 | D:1      | Reached skill level 3 in Invocations
   622 | D:1      | Gained mutation: You are partially covered in sharp spines. [demonic ancestry]
   622 | D:1      | Reached XP level 2. HP: 24/24 MP: 2/4
   974 | D:2      | Reached XP level 3. HP: 23/29 MP: 5/5
  1636 | D:2      | Reached skill level 4 in Invocations
  1636 | D:2      | Reached XP level 4. HP: 12/35 MP: 5/7
  1880 | D:2      | Noticed Natasha
  1896 | D:2      | Killed Natasha
  1896 | D:2      | Reached ** piety under Lugonu
  2261 | D:2      | Noticed Natasha
  2270 | D:2      | HP: 1/35 [Natasha (6)]
  2273 | D:2      | Killed Natasha
  2584 | D:2      | Noticed Natasha
  2591 | D:2      | Killed Natasha
  2591 | D:2      | Gained mutation: You are mostly covered in sharp spines. [demonic ancestry]
  2591 | D:2      | Reached XP level 5. HP: 31/42 MP: 8/8
  2821 | D:3      | Reached skill level 5 in Invocations
  2979 | D:3      | Reached *** piety under Lugonu
  3288 | D:4      | Noticed an ogre
  3295 | D:4      | HP: 2/42 [ogre/giant club (13)]
  3296 | D:4      | Banished an ogre
  3296 | D:4      | Reached XP level 6. HP: 2/48 MP: 10/10
  3677 | D:4      | Found a shadowy altar of Dithmenos.
  3809 | D:4      | Reached skill level 6 in Invocations
  4200 | D:4      | Found an opulent altar of Gozag.
  4200 | D:4      | Found an ancient bone altar of Kikubaaqudgha.
  4205 | D:4      | Found a radiant altar of Vehumet.
  4207 | D:4      | Found a shadowy altar of Dithmenos.
  4208 | D:4      | Found a blossoming altar of Fedhas.
  4498 | D:5      | Entered Level 5 of the Dungeon
  4556 | D:5      | Reached XP level 7. HP: 41/55 MP: 11/11
  4722 | D:5      | Found a staircase to the Ecumenical Temple.
  4803 | D:5      | Found an iron altar of Okawaru.
  4829 | D:5      | Reached skill level 7 in Invocations
  4835 | D:5      | Found a sand-covered staircase.
  4941 | Ossuary  | Entered an ossuary
  5077 | Ossuary  | Reached **** piety under Lugonu
  5116 | Ossuary  | Reached skill level 5 in Fighting
  5150 | Ossuary  | Reached skill level 8 in Invocations
  5150 | Ossuary  | Gained mutation: You are partially covered in iridescent scales. (AC +2) [demonic ancestry]
  5150 | Ossuary  | Reached XP level 8. HP: 46/62 MP: 12/14
  5556 | D:5      | Found a glowing silver altar of Zin.
  5948 | D:6      | Reached skill level 9 in Invocations
  6147 | D:6      | Noticed Grinder
  6154 | D:6      | Paralysed by Grinder for 2 turns
  6163 | D:6      | Paralysed by Grinder for 5 turns
  6173 | D:6      | Paralysed by Grinder for 3 turns
  6176 | D:6      | Banished Grinder
  6564 | D:6      | Noticed Edmund
  6588 | D:6      | Killed Edmund
  6588 | D:6      | Reached skill level 5 in Armour
  6597 | D:6      | Reached XP level 9. HP: 28/69 MP: 16/16
  6805 | D:6      | Reached skill level 10 in Invocations
  6860 | D:5      | HP: 3/69 [orc warrior/short sword (5)]
  7430 | D:6      | Noticed Sigmund
  7437 | D:6      | Killed Sigmund
  7506 | D:6      | Got a crude mace
  7507 | D:6      | Identified the +9 mace of Glory {flame, Fragile rElec rC++ Int+4} (You found it on level 6 of the Dungeon)
  7509 | D:6      | Found a runed door.
  7705 | D:6      | Noticed Crazy Yiuf
  7711 | D:6      | Killed Crazy Yiuf
  7803 | D:7      | Reached skill level 1 in Maces & Flails
  7853 | D:7      | Found Pemas's Book Shoppe.
  8722 | D:8      | Noticed Psyche
  8732 | D:8      | Killed Psyche
  8747 | D:8      | Noticed Maurice
  8764 | D:8      | Banished Maurice
  8764 | D:8      | Reached skill level 5 in Maces & Flails
  9073 | D:8      | Gained mutation: Your flesh is cold resistant. (rC+) [demonic ancestry]
  9073 | D:8      | Reached XP level 10. HP: 43/80 MP: 17/17
  9719 | D:9      | Reached ***** piety under Lugonu
  9721 | D:9      | Reached skill level 5 in Dodging
 10214 | D:9      | Found a snail-covered altar of Cheibriados.
 10217 | D:9      | Found a sacrificial altar of Ru.
 10220 | D:9      | Found a shattered altar of Ashenzari.
 10223 | D:9      | Found a stormy altar of Qazlal.
 10339 | D:9      | Reached skill level 1 in Shields
 10656 | D:9      | Noticed Gastronok
 10678 | D:9      | Killed Gastronok
 10974 | D:10     | Entered Level 10 of the Dungeon
 11044 | D:10     | Gained mutation: You have large cloven feet. [demonic ancestry]
 11044 | D:10     | Reached XP level 11. HP: 62/87 MP: 18/18
 11207 | D:10     | Found a staircase to the Lair.
 11507 | D:10     | Found a staircase to the Orcish Mines.
 11514 | D:10     | Found a roughly hewn altar of Beogh.
 12397 | D:11     | Found a labyrinth entrance.
 12569 | Lab      | Entered a labyrinth
 12622 | Lab      | Found the +4 dagger "Morg" {pain, MR+ Int+5}
 12774 | Lab      | Noticed a minotaur
 12781 | Lab      | Mangled by a minotaur

Skill      XL: |  1  2  3  4  5  6  7  8  9 10 11 |
---------------+----------------------------------+-----
Dodging        | 1 2 3 4 5 6 |  6.4
Invocations    | 3 4 5 6 8 9 10 | 10.4
Armour         | 2 3 4 5 6 |  6.6
Fighting       | 4 5 6 7 8 9 |  9.1
Maces & Flails | 5 7 8 |  8.2
Shields        | 2 3 |  3.7
Short Blades   | |  1.7

Action                   |  1- 3 |  4- 6 |  7- 9 | 10-12 || total
-------------------------+-------+-------+-------+-------++-------
Melee: Short sword       |    95 |   170 |   331 |       ||   596
       Mace              |       |       |    71 |   258 ||   329
       Dire flail        |       |       |    39 |       ||    39
       Glaive            |       |       |     5 |       ||     5
Invok: Depart the Abyss  |     1 |       |       |       ||     1
       Banish            |       |     1 |     2 |       ||     3
  Use: Scroll            |       |     6 |     2 |    17 ||    25
       Potion            |       |       |       |     1 ||     1
  Eat: Chunk             |     2 |     9 |    13 |    15 ||    39
       Ration            |       |       |     1 |       ||     1
Armor: Leather armour    |    25 |    12 |    57 |    13 ||   107
       Plate armour      |       |    66 |   162 |   170 ||   398
Dodge: Dodged            |    51 |    73 |   174 |    47 ||   345
Block: Shield            |       |       |       |    96 ||    96
